 Dungeon Crawl Stone Soup version 0.30-a0-860-g512cf1e979 (webtiles) character file.

Game seed: 17602823129218970545

127 Lobster4 the Caller (level 5, -3/40 HPs)
             Began as a Hill Orc Summoner on Mar 8, 2023.
             Slain by an iguana (8 damage)
             ... on level 4 of the Dungeon.
             The game lasted 00:16:21 (3290 turns).

Lobster4 the Caller (Hill Orc Summoner)             Turns: 3290, Time: 00:16:21

Health: -3/40      AC:  6    Str: 17    XL:     5   Next: 11%
Magic:  4/7        EV: 12    Int: 17    God:
Gold:   246        SH:  0    Dex: 11    Spells: 4/7 levels left

rFire   . . .      SeeInvis .    n - +0 hand axe (elec)
rCold   . . .      Faith    .    (no shield)
rNeg    . . .      Spirit   .    r - +0 robe {Will+}
rPois   .          Reflect  .    f - +0 helmet
rElec   .          Rampage  .    s - +0 cloak
rCorr   .                        h - +0 pair of gloves
Will    +....                    q - +0 pair of boots
Stlth   ++                       (no amulet)
HPRegen 0.26/turn                t - +6 ring of strength
MPRegen 0.10/turn                a - ring of flight

@: flying
A: no striking features
a: no special abilities


You were on level 4 of the Dungeon.
You visited 1 branch of the dungeon, and saw 4 of its levels.

You collected 246 gold pieces.

Inventory:

Hand Weapons
 g - a +0 club
 j - a +0 short sword
 n - a +0 hand axe of electrocution (weapon)
 p - a +4 trident
 w - a +0 sling
 x - a +1 mace of protection
Armour
 f - a +0 helmet (worn)
 h - a +0 pair of gloves (worn)
 q - a +0 pair of boots (worn)
 r - a +0 robe of willpower (worn)
 s - a +0 cloak (worn)
Magical Staves
 m - a staff of fire
Jewellery
 a - a ring of flight (right hand)
 e - a ring of fire
 t - a +6 ring of strength (left hand)
Scrolls
 d - a scroll of amnesia
Potions
 b - a potion of magic
 c - a potion of might
 i - a potion of attraction
 k - a potion of resistance
 l - a potion of cancellation
 o - 4 potions of curing {unknown}


   Skills:
 + Level 1.5 Fighting
 + Level 1.5 Axes
 + Level 1.3 Armour
 + Level 2.1 Dodging
 - Level 2.0 Stealth
 + Level 1.9 Spellcasting
 * Level 4.7 Summonings
 + Level 1.2 Evocations


You had 4 spell levels left.
You knew the following spells:

 Your Spells              Type           Power      Damage    Failure   Level
a - Summon Small Mammal   Summ           68%        N/A       2%          1
b - Call Imp              Summ           17%        N/A       4%          2

Your spell library contained the following spells:

 Spells                   Type           Power      Damage    Failure   Level
 Call Canine Familiar     Summ           17%        N/A       9%          3
 Summon Guardian Golem    Hex/Summ       9%         N/A       22%         3
 Cigotuvi's Dreadful Rot  Necr/Pois/Air  2%         N/A       30%         2
 Ensorcelled Hibernation  Hex/Ice        2%         N/A       30%         2
 Passwall                 Tmut/Erth      0%         N/A       30%         2
 Swiftness                Air            1%         N/A       52%         3
 Summon Lightning Spire   Summ/Air       9%         N/A       58%         4
 Dispel Undead            Necr           1%         3d6       89%         4
 Death Channel            Necr           0%         N/A       100%        6


Dungeon Overview and Level Annotations

Branches:
Dungeon (4/15)
 Temple: D:4-7

Altars:
Trog


Message History

You hit the orc but do no damage. Lightning courses through the orc!!
You kill the orc!
Your quokka bites the orc but does no damage.
Your crimson imp hits the orc but does no damage.
The orc hits your crimson imp with a +0 hand axe.
The orc barely misses your crimson imp.
The iguana bites you but does no damage.
Your quokka bites the orc.
You barely miss the iguana.
The iguana is severely wounded.
Your quokka closely misses the iguana.
Your crimson imp blinks!
Your quokka bites the orc but does no damage.
Your quokka bites the iguana.
The iguana bites you!
You hit the iguana but do no damage.
The iguana is severely wounded.
Your quokka closely misses the orc.
Your crimson imp blinks!
Your quokka bites the iguana.
The iguana misses your quokka.
Your quokka barely misses the orc.
You closely miss the iguana.
The iguana is severely wounded.
You closely miss the orc.
Your quokka barely misses the iguana.
Your crimson imp blinks!
The orc closely misses you. The orc misses your quokka. The iguana bites you!
Your quokka barely misses the orc.
Your quokka closely misses the iguana.
You are too injured to fight recklessly!
You are too injured to fight recklessly!
You slash the orc!
The orc is almost dead.
You barely miss the iguana. You barely miss the orc.
The orc hits you but does no damage.
The orc completely misses your crimson imp.
The orc misses your quokka. The orc closely misses you. The iguana bites you!
* * * LOW HITPOINT WARNING * * *
Your quokka bites the orc but does no damage.
Your quokka barely misses the iguana.
Your crimson imp hits the orc but does no damage.
The iguana bites you!
You die...

.. .# . #.
.#. #.##.#.
#...§.
###....#
###§.....#
#....ro5.#
#...o@r#
#...#+l......
#.. #....#.
... ..#.# ###
## #


You could see an iguana (ally target), 2 orcs, a friendly crimson imp (summoned)
and 2 friendly quokkas.

Vanquished Creatures
  2 adders (D:2)
  2 worms (D:3)
  A dart slug (D:2)
  3 orcs
  6 bats
  An endoplasm (D:2)
  2 giant cockroaches
  2 goblins
  3 hobgoblins (D:2)
  2 kobolds (D:2)
  2 quokkas
  5 ball pythons (D:2)
  2 frilled lizards
  4 rats
37 creatures vanquished.

Vanquished Creatures (collateral kills)
  A sleepcap (D:3)
  3 worms
  2 dart slugs
  An endoplasm (D:3)
  3 goblins
  A jackal (D:2)
  A quokka (D:2)
  4 ball pythons
  4 bats
  A frilled lizard (D:1)
  A kobold (D:1)
  4 rats
26 creatures vanquished.

Grand Total: 63 creatures vanquished

Notes
Turn   | Place    | Note
-------+----------+-------------------------------------------
     0 | D:1      | Lobster4 the Hill Orc Summoner began the quest for the Orb.
     0 | D:1      | Reached XP level 1. HP: 14/14 MP: 3/3
   451 | D:1      | Found a faded altar of an unknown god.
   848 | D:1      | Reached XP level 2. HP: 19/20 MP: 4/4
   898 | D:1      | Learned a level 2 spell: Call Imp
  1307 | D:2      | Reached XP level 3. HP: 7/27 MP: 3/5
  1609 | D:2      | Reached skill level 1 in Fighting
  1663 | D:2      | Reached skill level 1 in Axes
  1663 | D:2      | Reached skill level 1 in Armour
  1663 | D:2      | Reached XP level 4. HP: 25/35 MP: 1/6
  2115 | D:2      | Reached skill level 1 in Evocations
  2218 | D:3      | Found a faded altar of an unknown god.
  2650 | D:3      | Noticed a moth of wrath
  2653 | D:3      | Found a bloodstained altar of Trog.
  2940 | D:4      | Noticed a scorpion
  3001 | D:3      | Reached XP level 5. HP: 40/40 MP: 7/7
  3290 | D:4      | Slain by an iguana

Illustrated notes

Levels and vault maps discovered:
D:1:      nzn_arrival_settlement, layout_loops_corners,
          ebering_ecumenical_altar_petrified
D:2:      layout_loops_ring, minmay_misc_feat_pillars, minmay_joined_circles
D:3:      layout_basic, nicolae_overflow_ecumenical_swirl, tgw_trog
D:4:      layout_basic, old_standard_altar, jmf_multi_god_temple2

Skill      XL: |  1  2  3  4 |
---------------+-------------+-----
Fighting       | 1 |  1.5
Axes           | 1 |  1.5
Armour         | 1 |  1.3
Dodging        | 2 |  2.1
Evocations     | 1 |  1.2
Stealth        | 2 |  2.0
Spellcasting   | |  1.9
Summonings     | |  4.7

Action                     |  1- 3 |  4- 6 || total
---------------------------+-------+-------++-------
  Melee: Staff             |    11 |       ||    11
         Club              |     2 |       ||     2
         Hand axe          |    54 |    65 ||   119
         Punch             |     2 |       ||     2
   Cast: Summon Small Mamm |    32 |    24 ||    56
         Call Imp          |     1 |    12 ||    13
    Use: Scroll            |     4 |     5 ||     9
         Potion            |       |     2 ||     2
 Armour: Robe              |    26 |    29 ||    55
  Dodge: Dodged            |    64 |    50 ||   114

Table legend: (Time is in decaauts)
 A = Elapsed time spent in this place.
 B = Non-inter-level travel time spent in this place.
 C = Inter-level travel time spent in this place.
 D = Time resting spent in this place.
 E = Time spent auto-exploring this place.
 F = Levels seen in this place.
 G = Mean time per level.
                   A        B        C        D        E       F      G
               +--------+--------+--------+--------+--------+-----+--------+
         Total |   3322 |   3082 |    240 |    274 |   1906 |   4 |  830.5 |
       Dungeon |   3322 |   3082 |    240 |    274 |   1906 |   4 |  830.5 |
               +--------+--------+--------+--------+--------+-----+--------+

Top non-repeatable levels by time:
     D:1: 1132 daAuts
     D:3: 1085 daAuts
     D:2: 1079 daAuts
     D:4: 23 daAuts
